Map: Dash and Terminal LE (Void)

Players

Raptor

  • Race: Protoss Protoss
  • League: Bronze

Lemmons - Winner!

  • Race: Zerg Zerg
  • League: Silver

VOD

Have the link to the VOD?

Description

Time

  • Played on: Sept. 28, 2015, 12:10 p.m.
  • Length: 13:13
Show
View Real Time Build Order
Export as new Build Order

Raptor Protoss 

Build Orders: Oracle Opening 

Get SALT Encoding   

  12  0:01  Probe (Chrono Boost)  
  13  0:11  Probe (Chrono Boost)  
  14  0:22  Pylon  
  14  0:23  Probe (Chrono Boost)  
  15  0:40  Probe (Chrono Boost)  
  16  0:46  Gateway  
  16  0:53  Forge  
  16  0:54  Probe (Chrono Boost)  
  17  1:04  Probe (Chrono Boost)  
  17  1:11  Assimilator  
  18  1:14  Probe (Chrono Boost)  
  18  1:15  Assimilator  
  19  1:28  Photon Cannon  
  19  1:36  Cybernetics Core, Probe (Chrono Boost)  
  20  1:50  Probe (Chrono Boost), Pylon  
  21  2:00  Probe (Chrono Boost)  
  22  2:07  Pylon  
  22  2:13  Warp Gate  
  22  2:26  Nexus  
  22  2:46  Probe (Chrono Boost)  
  22  2:50  Photon Cannon  
  23  2:56  Probe (Chrono Boost)  
  24  2:59  Stargate  
  24  3:06  Probe (Chrono Boost), Pylon  
  25  3:17  Gateway  
  25  3:20  Sentry  
  27  3:29  Gateway  
  27  3:38  Gateway  
  27  3:46  Oracle  
  30  3:52  Probe x2 (Chrono Boost)  
  32  4:02  Probe x2 (Chrono Boost)  
  32  4:04  Protoss Ground Weapons Level 1  
  34  4:12  Probe x2 (Chrono Boost)  
  36  4:22  Probe x2 (Chrono Boost)  
  38  4:25  Oracle  
  41  4:32  Probe x2 (Chrono Boost)  
  41  4:36  Assimilator  
  43  4:40  Assimilator  
  43  4:42  Probe x2 (Chrono Boost)  
  45  5:11  Probe x2 (Chrono Boost)  
  47  5:19  Oracle  
  50  5:55  Twilight Council  
  50  5:59  Gateway, Void Ray  
  50  6:00  Pylon  
  54  6:04  Pylon  
  54  6:13  Stalker x2  
  54  6:14  Stalker x2  
  62  6:20  Protoss Ground Armor Level 1  
  62  6:42  Void Ray  
  66  7:13  Stalker x4  
  74  7:18  Blink  
  74  7:27  Gateway  
  74  7:29  Gateway  
  74  7:31  Gateway  
  74  8:29  Pylon  
  74  8:33  Pylon  
  74  8:37  Pylon  
  74  8:41  Pylon  
  74  8:44  Pylon  
  74  8:50  Nexus  
  74  8:54  Assimilator  
  74  8:56  Protoss Ground Weapons Level 2 (Chrono Boost)  
  74  8:57  Stalker  
  74  8:58  Stalker x4, Assimilator  
  84  9:06  Pylon  
  84  9:17  Forge  
  84  9:46  Protoss Ground Armor Level 2 (Chrono Boost), Pylon  
  84  9:50  Charge  
  84  9:52  Void Ray  
  88  10:04  Stalker  
  88  10:05  Stalker x5  
  88  10:06  Stalker x2  
  104  10:25  Probe  
  104  10:27  Probe x2  
  107  10:35  Probe  
  107  10:38  Stalker x5  
  107  10:39  Stalker x3, Probe x2  
  126  10:44  Probe  
  127  10:51  Probe x2  
  127  10:54  Probe  
  130  11:03  Probe x2  
  132  11:09  Stalker x4  
  140  11:20  Pylon  
  140  11:23  Pylon  
  140  11:31  Pylon  
  140  11:36  Pylon  
  128  11:55  Stalker x5  
  128  11:56  Stalker x2  
  128  12:00  Probe  
  128  12:01  Probe x2  
  145  12:10  Probe  
  145  12:13  Probe x2  
  130  12:24  Sentry x2  
  130  12:25  Sentry x4  
  130  12:26  Sentry x2  
  136  12:49  Stalker x3  
Show
View Real Time Build Order
Export as new Build Order

Lemmons Zerg - Winner!

Build Orders: Hatch First 

Get SALT Encoding   

  12  0:01  Drone  
  13  0:08  Drone  
  14  0:17  Overlord  
  14  0:36  Drone x3  
  17  0:49  Drone  
  18  1:02  Hatchery  
  17  1:05  Drone  
  18  1:15  Spawning Pool  
  17  1:18  Drone  
  17  1:22  Extractor  
  17  1:24  Drone  
  18  1:31  Drone  
  19  1:43  Drone  
  20  2:01  Drone  
  20  2:04  Overlord  
  21  2:13  Queen  
  23  2:20  Zergling x2  
  24  2:26  Drone  
  24  2:29  Roach Warren  
  24  2:30  Extractor  
  24  2:31  Drone x2  
  24  2:34  Drone  
  26  2:37  Drone  
  26  2:38  Queen  
  29  2:50  Drone  
  30  2:55  Drone  
  30  2:57  Drone x2  
  33  3:06  Overlord  
  33  3:20  Drone x2  
  33  3:21  Drone  
  33  3:23  Overlord x2  
  36  3:27  Drone  
  36  3:28  Drone  
  36  3:29  Drone  
  39  3:35  Spine Crawler  
  39  3:38  Spore Crawler  
  37  3:43  Spore Crawler  
  37  3:44  Drone x3  
  39  3:50  Lair  
  39  4:05  Extractor  
  39  4:06  Hatchery, Extractor  
  39  4:07  Drone x2  
  39  4:08  Drone  
  39  4:11  Drone  
  39  4:13  Drone  
  41  4:17  Roach  
  41  4:19  Roach  
  41  4:23  Roach  
  47  5:02  Spore Crawler  
  46  5:11  Hydralisk Den  
  45  5:17  Spore Crawler  
  44  5:36  Drone x5  
  44  5:37  Drone x2  
  44  5:38  Glial Reconstitution  
  51  5:46  Evolution Chamber, Muscular Augments  
  51  5:47  Hydralisk x7  
  51  5:48  Evolution Chamber, Hydralisk  
  65  5:56  Drone  
  66  5:58  Overlord  
  66  6:00  Overlord  
  66  6:23  Overseer  
  66  6:29  Drone x2  
  69  6:51  Drone  
  69  6:52  Drone  
  70  6:54  Hydralisk  
  70  6:55  Hydralisk x4  
  70  6:58  Overlord x2  
  82  7:16  Drone, Hydralisk, Queen  
  82  7:17  Hydralisk x4  
  82  7:19  Overlord  
  82  7:20  Hydralisk  
  95  7:39  Zerg Missile Weapons Level 1, Zerg Ground Armor Level 1  
  95  7:43  Hydralisk x5  
  105  7:58  Overlord x2  
  105  7:59  Overlord x3  
  105  8:17  Overseer  
  105  8:19  Hydralisk  
  105  8:20  Hydralisk x4  
  115  8:31  Spire  
  115  8:32  Drone x4  
  118  8:56  Roach x6  
  118  8:58  Overlord x2  
  130  9:17  Spore Crawler  
  129  9:20  Drone x4, Extractor  
  129  9:21  Drone x7, Extractor  
  138  9:57  Overlord x6  
  138  9:58  Overlord  
  138  10:05  Overseer x2  
  138  10:26  Zerg Ground Armor Level 2, Zerg Missile Weapons Level 2  
  138  10:33  Drone x6  
  138  10:34  Drone x4  
  148  10:53  Hatchery  
  147  11:15  Mutalisk x5  
  147  11:16  Mutalisk x13  
  183  11:51  Drone x2  
  183  11:52  Drone x5  
  190  12:00  Mutalisk x2  
  186  12:47  Roach  
  186  12:48  Roach x8  
Tags
 
Add a new tag
Caveats
  • Supply blocks, unpowered buildings, or Contaminate may cause inaccurate times.
  • Supply counts are checked every 10 seconds.